Sharks vs Canadiens
(R1)
Created - November 25, 2022 at 19:55
Goals
|
| Sharks |
1 |
0 |
0 |
1 |
| Canadiens |
0 |
2 |
1 |
3 |
|
Shots
|
| Sharks |
8 |
17 |
3 |
28 |
| Canadiens |
12 |
11 |
3 |
26 |
|
1st period
1. Sharks , Brendan Gaunce 2 (Gustav Nyquist 3) at 18:39 (SH)
Penalties :
Kevin Shattenkirk (Mon) for Interference (Minor) at 8:18, Loui Eriksson (S.J) for Roughing (Minor) at 16:43
2nd period
2. Canadiens , Jordan Szwarz 5 (Phil Kessel 8) at 2:25
3. Canadiens , Mattias Tedenby 2 (Jean-Gabriel Pageau 7, Greg Stewart 6) at 12:01
Penalties :
Conor Sheary (S.J) for Interference (Minor) at 14:49, Mattias Tedenby (Mon) for High sticking (Minor) at 18:25
3rd period
4. Canadiens , Mattias Tedenby 3 (Kevin Shattenkirk 7, Chris Kreider 11) at 14:44 (PP)
Penalties :
Ronalds Kenins (S.J) for Boarding (Minor) at 14:15, Cam Fowler (Mon) for Tripping (Minor) at 15:00
Goalie Stats
Philipp Grubauer (S.J), 23 saves from 26 shots - (0.885), L, 4-3-2, 60:00 minutes
Kristers Gudlevskis (Mon), 27 saves from 28 shots - (0.964), W, 9-1-0, 60:00 minutes
Players Stats for Sharks
Player Name G A P +/- PIM S H SB GA TA FO MP PP MP PK MP
------------------------------------------------------------------------------------
Andreas Martinsen 0 0 0 0 0 4 4 0 0 0 0/0 19:07 2:44 2:01
Ben Lovejoy 0 0 0 -1 0 1 1 0 0 0 0/0 12:51 0:28 0:00
Ben Smith 0 0 0 -1 0 2 0 0 0 0 1/1 18:52 2:30 0:00
Boone Jenner 0 0 0 0 0 1 0 0 2 0 7/12 18:15 2:40 1:30
Brandon Dubinsky 0 0 0 -1 0 2 2 0 0 0 15/26 21:39 2:30 2:36
Brandon Gormley 0 0 0 -1 0 0 1 1 0 0 0/0 24:08 2:25 3:11
Brendan Gaunce 1 0 1 1 0 2 0 0 0 0 2/3 7:59 0:27 0:21
Conor Sheary 0 0 0 -1 2 1 2 0 0 0 0/0 14:41 0:20 0:00
Dion Phaneuf 0 0 0 1 0 3 1 0 0 2 0/0 18:26 3:04 1:16
Gustav Nyquist 0 1 1 0 0 2 2 0 0 0 1/1 16:05 0:38 0:21
Loui Eriksson 0 0 0 0 2 1 1 0 0 0 0/0 7:50 0:47 0:00
MacKenzie Weegar 0 0 0 0 0 0 0 0 0 0 0/0 5:04 0:00 0:00
Markus Nutivaara 0 0 0 -1 0 1 1 1 0 3 0/0 12:49 0:28 0:00
Mike Lundin 0 0 0 -1 0 1 1 3 0 1 0/0 26:58 2:25 3:11
Oscar Sundqvist 0 0 0 -1 0 2 1 0 1 0 3/7 12:52 0:00 0:00
Ronalds Kenins 0 0 0 -1 2 2 0 1 0 0 0/2 22:25 2:35 2:05
Tyler Cuma 0 0 0 1 0 0 1 0 0 0 0/0 19:12 3:04 1:16
Wayne Simmonds 0 0 0 0 0 3 1 0 0 0 0/0 16:17 2:40 0:00
Players Stats for Canadiens
Player Name G A P +/- PIM S H SB GA TA FO MP PP MP PK MP
------------------------------------------------------------------------------------
Adam Fox 0 0 0 2 0 0 0 1 0 0 0/0 23:23 2:24 0:53
Brandon Bollig 0 0 0 1 0 0 0 0 0 0 0/0 10:21 0:03 1:29
Brian Dumoulin 0 0 0 -1 0 1 0 1 0 0 0/0 17:18 0:16 3:48
Cam Fowler 0 0 0 0 2 1 2 0 0 0 0/0 24:17 1:47 1:34
Chris Kreider 0 1 1 -1 0 5 2 0 1 0 1/2 21:33 2:38 0:58
Corban Knight 0 0 0 1 0 0 1 0 0 0 1/2 9:37 0:03 1:14
Greg Stewart 0 1 1 1 0 1 1 0 0 0 1/2 17:55 1:46 0:43
Ian White 0 0 0 2 0 1 2 1 0 1 0/0 18:55 1:47 2:23
Jean-Gabriel Pageau 0 1 1 1 0 4 2 0 0 0 7/17 20:35 1:46 3:30
Jordan Szwarz 1 0 1 1 0 1 0 0 0 0 0/0 7:12 0:03 0:00
Kevin Shattenkirk 0 1 1 -1 2 2 3 3 2 1 0/0 27:43 2:40 2:33
Mattias Tedenby 2 0 2 1 2 3 2 0 0 0 0/0 16:53 1:46 0:00
Mika Zibanejad 0 0 0 -1 0 3 2 1 2 0 5/18 21:03 2:38 0:58
Phil Kessel 0 1 1 -1 0 1 2 0 0 0 2/3 20:12 2:38 0:00
Philip Larsen 0 0 0 0 0 0 0 0 0 0 0/0 1:33 0:00 0:00
Ryan Kesler 0 0 0 0 0 2 0 0 0 0 6/8 10:57 0:00 0:15
Scott Hartnell 0 0 0 0 0 0 0 0 1 0 0/0 14:16 0:00 3:30
Steve Downie 0 0 0 0 0 1 1 0 0 1 0/0 10:17 0:00 0:00
3 Stars
1 - Mattias Tedenby (Mon)
2 - Kristers Gudlevskis (Mon)
3 - Jordan Szwarz (Mon)
Power Play
Sharks - 0 on 3 Attempt(s) - 0.00%
Canadiens - 1 on 3 Attempt(s) - 33.33%
Penalty Kill
Sharks - 2 on 3 Attempt(s) - 66.67%
- Score 1 goal in Penalty Kill
Canadiens - 3 on 3 Attempt(s) - 100.00%
- Score 0 goal in Penalty Kill
Team Stat
Sharks - Hits : 19 - Faceoff Wins : 29 - Blocked Shots : 6 - Penalty Minutes : 6
Canadiens - Hits : 20 - Faceoff Wins : 23 - Blocked Shots : 7 - Penalty Minutes : 6
Official
Referees : Peter MacDougall and Jon McIsaac
Linesman : Travis Toomey and James Tobias
Game Notes
Philip Larsen is injured at 6:06 of 1st period (Left Knee)
Ian White is injured at 15:35 of 3rd period (Sprained Left Ankle)
Finance
Level 1 -- Attendance: 5517 (91.95%) -- Ticket Income $551,700
Level 2 -- Attendance: 4639 (92.78%) -- Ticket Income $278,340
Level 3 -- Attendance: 1830 (91.50%) -- Ticket Income $64,050
Level 4 -- Attendance: 3619 (90.48%) -- Ticket Income $90,475
Luxury Box -- Attendance: 919 (91.90%) -- Ticket Income $183,800
Game was played at the Centre Bell.
Total Attendance: 16524 (91.80%)
Total Ticket Income: $1,168,365
Other Income: $175,255
Total Income: $1,343,620
Sharks
5 vs 5 Forward
Center Left Wing Right Wing Time % Phy DF OF
1 Brandon Dubinsky Ronalds Kenins Ben Smith 40 1 1 3
2 Boone Jenner Andreas Martinsen Wayne Simmonds 30 1 1 3
3 Oscar Sundqvist Gustav Nyquist Conor Sheary 20 1 2 2
4 Brendan Gaunce Ronalds Kenins Loui Eriksson 10 1 2 2
5 vs 5 Defense
Defense Defense Time % Phy DF OF
1 Mike Lundin Brandon Gormley 40 1 2 2
2 Dion Phaneuf Tyler Cuma 30 1 2 2
3 Ben Lovejoy Markus Nutivaara 20 1 2 2
4 MacKenzie Weegar Mike Lundin 10 1 2 2
PowerPlay Forward
Center Left Wing Right Wing Time % Phy DF OF
1 Brandon Dubinsky Ronalds Kenins Ben Smith 60 1 1 3
2 Boone Jenner Andreas Martinsen Wayne Simmonds 40 1 1 3
PowerPlay Defense
Defense Defense Time % Phy DF OF
1 Mike Lundin Brandon Gormley 60 1 1 3
2 Dion Phaneuf Tyler Cuma 40 1 1 3
Penalty Kill 4 Players Forward
Center Wing Time % Phy DF OF
1 Brandon Dubinsky Ronalds Kenins 60 1 4 0
2 Boone Jenner Andreas Martinsen 40 1 4 0
Penalty Kill 4 Players Defense
Defense Defense Time % Phy DF OF
1 Mike Lundin Brandon Gormley 60 1 4 0
2 Dion Phaneuf Tyler Cuma 40 1 4 0
Penalty Kill - 3 Players Forward
Forward Time % Phy DF OF
1 Brandon Dubinsky 60 1 4 0
2 Boone Jenner 40 1 4 0
Penalty Kill - 3 Players Defense
Defense Defense Time % Phy DF OF
1 Mike Lundin Brandon Gormley 60 1 4 0
2 Dion Phaneuf Tyler Cuma 40 1 4 0
4 vs 4 Forward
Center Wing Time % Phy DF OF
1 Brandon Dubinsky Ronalds Kenins 60 1 1 3
2 Boone Jenner Andreas Martinsen 40 1 1 3
4 vs 4 Defense
Defense Defense Time % Phy DF OF
1 Mike Lundin Brandon Gormley 60 1 2 2
2 Dion Phaneuf Tyler Cuma 40 1 2 2
Last Minutes Offensive
Center Left Wing Right Wing Defense Defense
Brandon Dubinsky Ronalds Kenins Ben Smith Mike Lundin Brandon Gormley
Last Minutes Defensive
Center Left Wing Right Wing Defense Defense
Brandon Dubinsky Ronalds Kenins Ben Smith Mike Lundin Brandon Gormley
Goaltenders
Starting : Philipp Grubauer
Backup : Malcolm Subban
Extra Forwards
Normal : Ronalds Kenins, Loui Eriksson, Boone Jenner - PP : Ronalds Kenins, Loui Eriksson - PK : Ronalds Kenins
Extra Defensemen
Normal : Ben Lovejoy, Markus Nutivaara, MacKenzie Weegar - PP : Ben Lovejoy - PK : Ben Lovejoy, Markus Nutivaara
Penalty Shots
Ben Smith, Brandon Dubinsky, Wayne Simmonds, Conor Sheary, Ronalds Kenins
Scratches
Arturs Kulda (Healthy), David Booth (Abdomen/Ribs Injury), Karl Alzner (Healthy)
Canadiens
5 vs 5 Forward
Center Left Wing Right Wing Time % Phy DF OF
1 Mika Zibanejad Chris Kreider Phil Kessel 40 0 1 4
2 Jean-Gabriel Pageau Greg Stewart Mattias Tedenby 35 0 1 4
3 Ryan Kesler Scott Hartnell Steve Downie 20 0 2 3
4 Corban Knight Brandon Bollig Jordan Szwarz 5 0 3 2
5 vs 5 Defense
Defense Defense Time % Phy DF OF
1 Kevin Shattenkirk Cam Fowler 40 0 2 3
2 Ian White Adam Fox 30 0 3 2
3 Brian Dumoulin Philip Larsen 20 0 3 2
4 Kevin Shattenkirk Cam Fowler 10 1 2 2
PowerPlay Forward
Center Left Wing Right Wing Time % Phy DF OF
1 Mika Zibanejad Chris Kreider Phil Kessel 60 0 0 5
2 Jean-Gabriel Pageau Greg Stewart Mattias Tedenby 40 0 0 5
PowerPlay Defense
Defense Defense Time % Phy DF OF
1 Kevin Shattenkirk Adam Fox 60 0 0 5
2 Ian White Cam Fowler 40 0 0 5
Penalty Kill 4 Players Forward
Center Wing Time % Phy DF OF
1 Jean-Gabriel Pageau Scott Hartnell 60 0 4 1
2 Mika Zibanejad Chris Kreider 40 0 4 1
Penalty Kill 4 Players Defense
Defense Defense Time % Phy DF OF
1 Kevin Shattenkirk Cam Fowler 60 1 4 0
2 Brian Dumoulin Ian White 40 1 4 0
Penalty Kill - 3 Players Forward
Forward Time % Phy DF OF
1 Corban Knight 60 0 5 0
2 Ryan Kesler 40 0 5 0
Penalty Kill - 3 Players Defense
Defense Defense Time % Phy DF OF
1 Philip Larsen Brian Dumoulin 60 1 4 0
2 Ian White Cam Fowler 40 1 4 0
4 vs 4 Forward
Center Wing Time % Phy DF OF
1 Ryan Kesler Steve Downie 60 0 2 3
2 Corban Knight Mattias Tedenby 40 0 2 3
4 vs 4 Defense
Defense Defense Time % Phy DF OF
1 Ian White Brian Dumoulin 60 0 3 2
2 Kevin Shattenkirk Cam Fowler 40 0 3 2
Last Minutes Offensive
Center Left Wing Right Wing Defense Defense
Mika Zibanejad Chris Kreider Phil Kessel Kevin Shattenkirk Adam Fox
Last Minutes Defensive
Center Left Wing Right Wing Defense Defense
Jean-Gabriel Pageau Scott Hartnell Steve Downie Ian White Cam Fowler
Goaltenders
Starting : Kristers Gudlevskis
Backup : Allen York
Extra Forwards
Normal : Chris Kreider, Mika Zibanejad, Jean-Gabriel Pageau - PP : Chris Kreider, Mika Zibanejad - PK : Scott Hartnell
Extra Defensemen
Normal : Kevin Shattenkirk, Cam Fowler, Adam Fox - PP : Kevin Shattenkirk - PK : Cam Fowler, Ian White
Penalty Shots
Mattias Tedenby, Phil Kessel, Ryan Kesler, Greg Stewart, Mika Zibanejad
Scratches
Mark Stuart (Torn Left MCL Injury), Nick Spaling (Healthy)
% Time on Ice - Sharks
Lines # - Real PCT - Wanted PCT - Time Play
Normal Forward
1 - 37% - 40% - 18:12
2 - 28% - 30% - 14:02
3 - 26% - 20% - 12:52
4 - 9% - 10% - 4:30
Normal Defense
1 - 36% - 40% - 17:57
2 - 31% - 30% - 15:15
3 - 24% - 20% - 11:53
4 - 9% - 10% - 4:31
PP Forward
1 - 55% - 60% - 3:17
2 - 45% - 40% - 2:40
PP Defense
1 - 48% - 60% - 2:53
2 - 52% - 40% - 3:04
PK Forward
1 - 86% - 60% - 3:49
2 - 14% - 40% - 0:38
PK Defense
1 - 72% - 60% - 3:11
2 - 28% - 40% - 1:16
PK3 Forward
1 - 0% - 60%
2 - 0% - 40%
PK3 Defense
1 - 0% - 60%
2 - 0% - 40%
44 Forward
1 - 0% - 60%
2 - 0% - 40%
44 Defense
1 - 0% - 60%
2 - 0% - 40%
Last Minute Offensive - 0:00
Last Minute Defensive - 0:00
Total
Forward - 60:00
Defense - 60:00
|
% Time on Ice - Canadiens
Lines # - Real PCT - Wanted PCT - Time Play
Normal Forward
1 - 35% - 40% - 17:26
2 - 32% - 35% - 16:00
3 - 21% - 20% - 10:14
4 - 12% - 5% - 5:56
Normal Defense
1 - 34% - 40% - 16:52
2 - 30% - 30% - 14:47
3 - 33% - 20% - 16:35
4 - 3% - 10% - 1:22
PP Forward
1 - 60% - 60% - 2:41
2 - 40% - 40% - 1:46
PP Defense
1 - 60% - 60% - 2:40
2 - 40% - 40% - 1:47
PK Forward
1 - 84% - 60% - 4:59
2 - 16% - 40% - 0:58
PK Defense
1 - 77% - 60% - 4:34
2 - 23% - 40% - 1:23
PK3 Forward
1 - 0% - 60%
2 - 0% - 40%
PK3 Defense
1 - 0% - 60%
2 - 0% - 40%
44 Forward
1 - 0% - 60%
2 - 0% - 40%
44 Defense
1 - 0% - 60%
2 - 0% - 40%
Last Minute Offensive - 0:00
Last Minute Defensive - 0:00
Total
Forward - 60:00
Defense - 60:00
|
Play-by-Play
1st period
0:01 of 1st period - Brandon Dubinsky wins face-off versus Phil Kessel in neutral zone.
0:14 of 1st period - Snap shot by Brandon Dubinsky.
0:14 of 1st period - Stopped by Kristers Gudlevskis without a rebound.
0:15 of 1st period - Greg Stewart wins face-off versus Boone Jenner in Canadiens zone.
0:22 of 1st period - Wrist shot by Mattias Tedenby.
0:22 of 1st period - Deflect By Jean-Gabriel Pageau.
0:22 of 1st period - Stopped by Philipp Grubauer with a rebound.
0:24 of 1st period - Backhand shot by Jean-Gabriel Pageau.
0:24 of 1st period - Stopped by Philipp Grubauer with a rebound.
0:30 of 1st period - Snap shot by Jean-Gabriel Pageau.
0:30 of 1st period - Stopped by Philipp Grubauer without a rebound.
0:31 of 1st period - Ryan Kesler wins face-off versus Oscar Sundqvist in Sharks zone.
0:38 of 1st period - Snap shot by Steve Downie.
0:38 of 1st period - Stopped by Philipp Grubauer with a rebound.
1:00 of 1st period - Snap shot by Chris Kreider.
1:00 of 1st period - Stopped by Philipp Grubauer without a rebound.
1:01 of 1st period - Phil Kessel wins face-off versus Ronalds Kenins in Sharks zone.
1:18 of 1st period - Slapshot by Chris Kreider.
1:18 of 1st period - Stopped by Philipp Grubauer with a rebound.
1:20 of 1st period - Slapshot by Kevin Shattenkirk.
1:20 of 1st period - Shot Blocked by Mike Lundin.
1:24 of 1st period - Snap shot by Phil Kessel.
1:24 of 1st period - Stopped by Philipp Grubauer without a rebound.
1:25 of 1st period - Boone Jenner wins face-off versus Greg Stewart in Sharks zone.
1:32 of 1st period - Slapshot by Greg Stewart.
1:32 of 1st period - Deflect By Mattias Tedenby.
1:32 of 1st period - Shot Misses the Net.
1:32 of 1st period - Puck is out of play.
1:33 of 1st period - Jean-Gabriel Pageau wins face-off versus Boone Jenner in Sharks zone.
1:36 of 1st period - Snap shot by Greg Stewart.
1:36 of 1st period - Shot Misses the Net.
1:38 of 1st period - Wrist shot by Mattias Tedenby.
1:38 of 1st period - Stopped by Philipp Grubauer with a rebound.
2:10 of 1st period - Slapshot by Andreas Martinsen.
2:10 of 1st period - Stopped by Kristers Gudlevskis with a rebound.
2:12 of 1st period - Snap shot by Wayne Simmonds.
2:12 of 1st period - Stopped by Kristers Gudlevskis with a rebound.
2:20 of 1st period - Slapshot by Jean-Gabriel Pageau.
2:20 of 1st period - Deflect By Tyler Cuma.
2:20 of 1st period - Stopped by Philipp Grubauer with a rebound.
3:12 of 1st period - Wrist shot by Tyler Cuma.
3:12 of 1st period - Deflect By Andreas Martinsen.
3:12 of 1st period - Stopped by Kristers Gudlevskis with a rebound.
3:51 of 1st period - Off-side.
3:52 of 1st period - Brandon Dubinsky wins face-off versus Mika Zibanejad in neutral zone.
4:30 of 1st period - Slapshot by Kevin Shattenkirk.
4:30 of 1st period - Stopped by Philipp Grubauer with a rebound.
4:32 of 1st period - Wrist shot by Ryan Kesler.
4:32 of 1st period - Shot Blocked by Markus Nutivaara.
5:21 of 1st period - Icing by Brandon Gormley.
5:22 of 1st period - Corban Knight wins face-off versus Brendan Gaunce in Sharks zone.
5:44 of 1st period - Ronalds Kenins is hit by Phil Kessel and loses puck.
6:05 of 1st period - Philip Larsen is hit by Ben Lovejoy and loses puck.
6:06 of 1st period - Philip Larsen from Canadiens is injured at 6:06 of 1st period (Left Knee).
6:07 of 1st period - Brandon Dubinsky wins face-off versus Mika Zibanejad in Canadiens zone.
6:10 of 1st period - Wrist shot by Ben Smith.
6:10 of 1st period - Stopped by Kristers Gudlevskis with a rebound.
6:23 of 1st period - Icing by Kevin Shattenkirk.
6:24 of 1st period - Gustav Nyquist wins face-off versus Mika Zibanejad in Canadiens zone.
7:31 of 1st period - Snap shot by Chris Kreider.
7:31 of 1st period - Stopped by Philipp Grubauer with a rebound.
7:53 of 1st period - Wrist shot by Phil Kessel.
7:53 of 1st period - Shot Misses the Net.
8:18 of 1st period - Minor Penalty to Kevin Shattenkirk for Interference.
8:19 of 1st period - Jean-Gabriel Pageau wins face-off versus Boone Jenner in Canadiens zone.
8:19 of 1st period - Jean-Gabriel Pageau is hit by Wayne Simmonds.
9:36 of 1st period - Jean-Gabriel Pageau is hit by Markus Nutivaara and loses puck.
10:18 of 1st period - Penalty to Kevin Shattenkirk is over, Kevin Shattenkirk is back on ice.
11:23 of 1st period - Cam Fowler is hit by Andreas Martinsen and loses puck.
12:24 of 1st period - Icing by Brandon Bollig.
12:25 of 1st period - Brendan Gaunce wins face-off versus Mika Zibanejad in Canadiens zone.
12:52 of 1st period - Ronalds Kenins is hit by Greg Stewart and loses puck.
15:38 of 1st period - Boone Jenner is hit by Steve Downie and loses puck.
16:21 of 1st period - Slapshot by Conor Sheary.
16:21 of 1st period - Shot Misses the Net.
16:31 of 1st period - Mika Zibanejad is hit by Mike Lundin and loses puck.
16:43 of 1st period - Minor Penalty to Loui Eriksson for Roughing.
16:44 of 1st period - Phil Kessel wins face-off versus Brandon Dubinsky in Sharks zone.
16:51 of 1st period - Wrist shot by Mika Zibanejad.
16:51 of 1st period - Shot Blocked by Mike Lundin.
16:57 of 1st period - Slapshot by Mika Zibanejad.
16:57 of 1st period - Stopped by Philipp Grubauer without a rebound.
16:58 of 1st period - Brandon Dubinsky wins face-off versus Mika Zibanejad in Sharks zone.
17:07 of 1st period - Snap shot by Ian White.
17:07 of 1st period - Shot Misses the Net.
18:39 of 1st period - Wrist shot by Brendan Gaunce.
18:39 of 1st period - Goal by Brendan Gaunce - Sharks : 1 - Canadiens : 0.
18:40 of 1st period - Mika Zibanejad wins face-off versus Brandon Dubinsky in neutral zone.
18:43 of 1st period - Penalty to Loui Eriksson is over, Loui Eriksson is back on ice.
18:43 of 1st period - Tyler Cuma is hit by Kevin Shattenkirk.
18:53 of 1st period - Snap shot by Loui Eriksson.
18:53 of 1st period - Stopped by Kristers Gudlevskis without a rebound.
18:54 of 1st period - Jean-Gabriel Pageau wins face-off versus Boone Jenner in Canadiens zone.
19:02 of 1st period - Off-side.
19:03 of 1st period - Boone Jenner wins face-off versus Jean-Gabriel Pageau in neutral zone.
19:16 of 1st period - Wrist shot by Wayne Simmonds.
19:16 of 1st period - Deflect By Boone Jenner.
19:16 of 1st period - Shot Misses the Net.
19:16 of 1st period - Puck is out of play.
19:17 of 1st period - Brandon Dubinsky wins face-off versus Mika Zibanejad in Canadiens zone.
19:32 of 1st period - Wrist shot by Ben Smith.
19:32 of 1st period - Shot Blocked by Ian White.
19:34 of 1st period - Wrist shot by Ben Smith.
19:34 of 1st period - Stopped by Kristers Gudlevskis with a rebound.
19:44 of 1st period - Brandon Gormley is hit by Jean-Gabriel Pageau.
19:47 of 1st period - Off-side.
19:48 of 1st period - Boone Jenner wins face-off versus Jean-Gabriel Pageau in neutral zone.
19:51 of 1st period - Greg Stewart is hit by Andreas Martinsen and loses puck.
19:56 of 1st period - Slapshot by Boone Jenner.
19:56 of 1st period - Shot Blocked by Kevin Shattenkirk.
19:58 of 1st period - Wrist shot by Tyler Cuma.
19:58 of 1st period - Shot Misses the Net.
Goals for this period are 1 for Sharks vs 0 for Canadiens.
Shots for this period are 8 for Sharks vs 12 for Canadiens.
2nd period
0:01 of 2nd period - Brandon Dubinsky wins face-off versus Jean-Gabriel Pageau in neutral zone.
0:26 of 2nd period - Andreas Martinsen is hit by Phil Kessel and loses puck.
0:31 of 2nd period - Snap shot by Chris Kreider.
0:31 of 2nd period - Stopped by Philipp Grubauer without a rebound.
0:32 of 2nd period - Boone Jenner wins face-off versus Mika Zibanejad in Sharks zone.
0:45 of 2nd period - Slapshot by Andreas Martinsen.
0:45 of 2nd period - Stopped by Kristers Gudlevskis with a rebound.
1:14 of 2nd period - Icing by Tyler Cuma.
1:15 of 2nd period - Jean-Gabriel Pageau wins face-off versus Brandon Dubinsky in Sharks zone.
1:30 of 2nd period - Snap shot by Ronalds Kenins.
1:30 of 2nd period - Shot Misses the Net.
1:32 of 2nd period - Slapshot by Dion Phaneuf.
1:32 of 2nd period - Stopped by Kristers Gudlevskis without a rebound.
1:33 of 2nd period - Ryan Kesler wins face-off versus Boone Jenner in Canadiens zone.
1:33 of 2nd period - Ryan Kesler is hit by Andreas Martinsen.
2:25 of 2nd period - Snap shot by Jordan Szwarz.
2:25 of 2nd period - Goal by Jordan Szwarz - Sharks : 1 - Canadiens : 1.
2:26 of 2nd period - Mika Zibanejad wins face-off versus Brandon Dubinsky in neutral zone.
2:39 of 2nd period - Wrist shot by Mika Zibanejad.
2:39 of 2nd period - Deflect By Chris Kreider.
2:39 of 2nd period - Shot Blocked by Brandon Gormley.
2:39 of 2nd period - Puck is out of play.
2:40 of 2nd period - Jean-Gabriel Pageau wins face-off versus Brandon Dubinsky in Sharks zone.
3:13 of 2nd period - Wrist shot by Wayne Simmonds.
3:13 of 2nd period - Stopped by Kristers Gudlevskis without a rebound.
3:14 of 2nd period - Boone Jenner wins face-off versus Mika Zibanejad in Canadiens zone.
3:50 of 2nd period - Slapshot by Wayne Simmonds.
3:50 of 2nd period - Stopped by Kristers Gudlevskis with a rebound.
3:52 of 2nd period - Slapshot by Dion Phaneuf.
3:52 of 2nd period - Stopped by Kristers Gudlevskis without a rebound.
3:53 of 2nd period - Brandon Dubinsky wins face-off versus Mika Zibanejad in Canadiens zone.
4:07 of 2nd period - Off-side.
4:08 of 2nd period - Oscar Sundqvist wins face-off versus Jean-Gabriel Pageau in neutral zone.
4:12 of 2nd period - Snap shot by Mike Lundin.
4:12 of 2nd period - Shot Blocked by Kevin Shattenkirk.
4:14 of 2nd period - Snap shot by Oscar Sundqvist.
4:14 of 2nd period - Stopped by Kristers Gudlevskis without a rebound.
4:15 of 2nd period - Jean-Gabriel Pageau wins face-off versus Oscar Sundqvist in Canadiens zone.
4:15 of 2nd period - Jean-Gabriel Pageau is hit by Gustav Nyquist.
4:33 of 2nd period - Mike Lundin is hit by Jean-Gabriel Pageau and loses puck.
4:42 of 2nd period - Slapshot by Mike Lundin.
4:42 of 2nd period - Stopped by Kristers Gudlevskis without a rebound.
4:43 of 2nd period - Brandon Dubinsky wins face-off versus Mika Zibanejad in Canadiens zone.
4:46 of 2nd period - Wrist shot by Ronalds Kenins.
4:46 of 2nd period - Stopped by Kristers Gudlevskis without a rebound.
4:47 of 2nd period - Mika Zibanejad wins face-off versus Brandon Dubinsky in Canadiens zone.
4:56 of 2nd period - Snap shot by Chris Kreider.
4:56 of 2nd period - Shot Misses the Net.
4:58 of 2nd period - Snap shot by Chris Kreider.
4:58 of 2nd period - Shot Misses the Net.
5:00 of 2nd period - Slapshot by Mika Zibanejad.
5:00 of 2nd period - Stopped by Philipp Grubauer without a rebound.
5:01 of 2nd period - Ryan Kesler wins face-off versus Brandon Dubinsky in Sharks zone.
5:10 of 2nd period - Snap shot by Brandon Dubinsky.
5:10 of 2nd period - Shot Misses the Net.
5:12 of 2nd period - Wrist shot by Ronalds Kenins.
5:12 of 2nd period - Shot Misses the Net.
5:14 of 2nd period - Snap shot by Ronalds Kenins.
5:14 of 2nd period - Shot Blocked by Kevin Shattenkirk.
5:16 of 2nd period - Wrist shot by Brandon Dubinsky.
5:16 of 2nd period - Shot Misses the Net.
5:36 of 2nd period - Slapshot by Kevin Shattenkirk.
5:36 of 2nd period - Stopped by Philipp Grubauer without a rebound.
5:37 of 2nd period - Oscar Sundqvist wins face-off versus Jean-Gabriel Pageau in Sharks zone.
5:42 of 2nd period - Slapshot by Dion Phaneuf.
5:42 of 2nd period - Stopped by Kristers Gudlevskis with a rebound.
5:50 of 2nd period - Snap shot by Conor Sheary.
5:50 of 2nd period - Stopped by Kristers Gudlevskis with a rebound.
6:06 of 2nd period - Ben Smith is hit by Ian White and loses puck.
6:14 of 2nd period - Slapshot by Ian White.
6:14 of 2nd period - Stopped by Philipp Grubauer without a rebound.
6:15 of 2nd period - Boone Jenner wins face-off versus Ryan Kesler in Sharks zone.
7:07 of 2nd period - Gustav Nyquist is hit by Kevin Shattenkirk and loses puck.
7:15 of 2nd period - Off-side.
7:16 of 2nd period - Ryan Kesler wins face-off versus Brandon Dubinsky in neutral zone.
7:25 of 2nd period - Slapshot by Scott Hartnell.
7:25 of 2nd period - Shot Blocked by Mike Lundin.
7:27 of 2nd period - Wrist shot by Scott Hartnell.
7:27 of 2nd period - Shot Misses the Net.
7:41 of 2nd period - Andreas Martinsen is hit by Ian White and loses puck.
7:50 of 2nd period - Slapshot by Boone Jenner.
7:50 of 2nd period - Stopped by Kristers Gudlevskis with a rebound.
7:52 of 2nd period - Slapshot by Ben Lovejoy.
7:52 of 2nd period - Stopped by Kristers Gudlevskis with a rebound.
8:45 of 2nd period - Jean-Gabriel Pageau is hit by Brandon Dubinsky and loses puck.
9:06 of 2nd period - Snap shot by Greg Stewart.
9:06 of 2nd period - Stopped by Philipp Grubauer without a rebound.
9:07 of 2nd period - Mika Zibanejad wins face-off versus Oscar Sundqvist in Sharks zone.
9:14 of 2nd period - Tyler Cuma is hit by Chris Kreider and loses puck.
9:18 of 2nd period - Oscar Sundqvist is hit by Cam Fowler and loses puck.
9:56 of 2nd period - Ronalds Kenins is hit by Cam Fowler and loses puck.
10:33 of 2nd period - Gustav Nyquist is hit by Chris Kreider and loses puck.
10:44 of 2nd period - Phil Kessel is hit by Oscar Sundqvist and loses puck.
11:32 of 2nd period - Wrist shot by Markus Nutivaara.
11:32 of 2nd period - Stopped by Kristers Gudlevskis with a rebound.
11:47 of 2nd period - Wrist shot by Chris Kreider.
11:47 of 2nd period - Stopped by Philipp Grubauer without a rebound.
11:48 of 2nd period - Ben Smith wins face-off versus Jean-Gabriel Pageau in Sharks zone.
12:01 of 2nd period - Wrist shot by Mattias Tedenby.
12:01 of 2nd period - Goal by Mattias Tedenby - Sharks : 1 - Canadiens : 2.
12:02 of 2nd period - Ryan Kesler wins face-off versus Brandon Dubinsky in neutral zone.
12:05 of 2nd period - Snap shot by Ryan Kesler.
12:05 of 2nd period - Shot Blocked by Ronalds Kenins.
12:15 of 2nd period - Slapshot by Ryan Kesler.
12:15 of 2nd period - Shot Misses the Net.
12:17 of 2nd period - Snap shot by Ryan Kesler.
12:17 of 2nd period - Stopped by Philipp Grubauer with a rebound.
12:27 of 2nd period - Greg Stewart is hit by Andreas Martinsen and loses puck.
12:50 of 2nd period - Icing by Brendan Gaunce.
12:51 of 2nd period - Brendan Gaunce wins face-off versus Corban Knight in Sharks zone.
13:23 of 2nd period - Slapshot by Andreas Martinsen.
13:23 of 2nd period - Stopped by Kristers Gudlevskis without a rebound.
13:24 of 2nd period - Brandon Dubinsky wins face-off versus Jean-Gabriel Pageau in Canadiens zone.
13:39 of 2nd period - Slapshot by Cam Fowler.
13:39 of 2nd period - Stopped by Philipp Grubauer without a rebound.
13:40 of 2nd period - Boone Jenner wins face-off versus Mika Zibanejad in Sharks zone.
13:47 of 2nd period - Slapshot by Mika Zibanejad.
13:47 of 2nd period - Stopped by Philipp Grubauer with a rebound.
14:07 of 2nd period - Greg Stewart is hit by Brandon Dubinsky and loses puck.
14:27 of 2nd period - Off-side.
14:28 of 2nd period - Oscar Sundqvist wins face-off versus Ryan Kesler in neutral zone.
14:35 of 2nd period - Slapshot by Oscar Sundqvist.
14:35 of 2nd period - Stopped by Kristers Gudlevskis with a rebound.
14:49 of 2nd period - Minor Penalty to Conor Sheary for Interference.
14:50 of 2nd period - Brandon Dubinsky wins face-off versus Mika Zibanejad in Sharks zone.
16:49 of 2nd period - Penalty to Conor Sheary is over, Conor Sheary is back on ice.
16:54 of 2nd period - Scott Hartnell is hit by Gustav Nyquist and loses puck.
17:38 of 2nd period - Snap shot by Gustav Nyquist.
17:38 of 2nd period - Stopped by Kristers Gudlevskis with a rebound.
17:56 of 2nd period - Snap shot by Brendan Gaunce.
17:56 of 2nd period - Stopped by Kristers Gudlevskis without a rebound.
17:57 of 2nd period - Chris Kreider wins face-off versus Brandon Dubinsky in Canadiens zone.
18:25 of 2nd period - Minor Penalty to Mattias Tedenby for High sticking.
18:26 of 2nd period - Jean-Gabriel Pageau wins face-off versus Ronalds Kenins in Canadiens zone.
18:41 of 2nd period - Snap shot by Brandon Dubinsky.
18:41 of 2nd period - Shot Misses the Net.
Goals for this period are 0 for Sharks vs 2 for Canadiens.
Shots for this period are 17 for Sharks vs 11 for Canadiens.
3rd period
0:01 of 3rd period - Brandon Dubinsky wins face-off versus Jean-Gabriel Pageau in neutral zone.
0:04 of 3rd period - Cam Fowler is hit by Brandon Gormley and loses puck.
0:25 of 3rd period - Penalty to Mattias Tedenby is over, Mattias Tedenby is back on ice.
1:20 of 3rd period - Steve Downie is hit by Conor Sheary and loses puck.
1:42 of 3rd period - Wrist shot by Conor Sheary.
1:42 of 3rd period - Deflect By Gustav Nyquist.
1:42 of 3rd period - Stopped by Kristers Gudlevskis with a rebound.
1:44 of 3rd period - Slapshot by Oscar Sundqvist.
1:44 of 3rd period - Shot Hit the Post.
1:46 of 3rd period - Slapshot by Mike Lundin.
1:46 of 3rd period - Shot Blocked by Adam Fox.
1:48 of 3rd period - Wrist shot by Mike Lundin.
1:48 of 3rd period - Shot Blocked by Brian Dumoulin.
2:48 of 3rd period - Slapshot by Brandon Gormley.
2:48 of 3rd period - Shot Hit the Post.
3:10 of 3rd period - Snap shot by Brian Dumoulin.
3:10 of 3rd period - Stopped by Philipp Grubauer without a rebound.
3:11 of 3rd period - Brandon Dubinsky wins face-off versus Chris Kreider in Sharks zone.
3:19 of 3rd period - Phil Kessel is hit by Dion Phaneuf and loses puck.
3:38 of 3rd period - Boone Jenner is hit by Kevin Shattenkirk and loses puck.
4:34 of 3rd period - Snap shot by Ben Smith.
4:34 of 3rd period - Shot Misses the Net.
7:39 of 3rd period - Wayne Simmonds is hit by Mattias Tedenby and loses puck.
9:20 of 3rd period - Icing by Tyler Cuma.
9:21 of 3rd period - Ryan Kesler wins face-off versus Oscar Sundqvist in Sharks zone.
11:46 of 3rd period - Tyler Cuma is hit by Mattias Tedenby and loses puck.
12:17 of 3rd period - Snap shot by Ryan Kesler.
12:17 of 3rd period - Stopped by Philipp Grubauer with a rebound.
13:32 of 3rd period - Ben Lovejoy is hit by Mika Zibanejad and loses puck.
14:15 of 3rd period - Minor Penalty to Ronalds Kenins for Boarding.
14:16 of 3rd period - Brandon Dubinsky wins face-off versus Mika Zibanejad in Sharks zone.
14:44 of 3rd period - Slapshot by Kevin Shattenkirk.
14:44 of 3rd period - Deflect By Mattias Tedenby.
14:44 of 3rd period - Goal by Mattias Tedenby - Sharks : 1 - Canadiens : 3.
14:45 of 3rd period - Mika Zibanejad wins face-off versus Brandon Dubinsky in neutral zone.
14:54 of 3rd period - Slapshot by Brandon Gormley.
14:54 of 3rd period - Shot Blocked by Mika Zibanejad.
14:56 of 3rd period - Slapshot by Mike Lundin.
14:56 of 3rd period - Deflect By Brandon Dubinsky.
14:56 of 3rd period - Stopped by Kristers Gudlevskis with a rebound.
14:58 of 3rd period - Snap shot by Brandon Dubinsky.
14:58 of 3rd period - Shot Hit the Post.
15:00 of 3rd period - Minor Penalty to Cam Fowler for Tripping.
15:01 of 3rd period - Brandon Dubinsky wins face-off versus Jean-Gabriel Pageau in Canadiens zone.
15:34 of 3rd period - Ian White is hit by Tyler Cuma and loses puck.
15:35 of 3rd period - Ian White from Canadiens is injured at 15:35 of 3rd period (Sprained Left Ankle).
15:36 of 3rd period - Brandon Dubinsky wins face-off versus Jean-Gabriel Pageau in Canadiens zone.
15:37 of 3rd period - Wrist shot by Ronalds Kenins.
15:37 of 3rd period - Stopped by Kristers Gudlevskis with a rebound.
16:37 of 3rd period - Andreas Martinsen is hit by Corban Knight and loses puck.
17:00 of 3rd period - Penalty to Cam Fowler is over, Cam Fowler is back on ice.
17:47 of 3rd period - Mattias Tedenby is hit by Loui Eriksson and loses puck.
17:58 of 3rd period - Boone Jenner is hit by Mika Zibanejad and loses puck.
18:25 of 3rd period - Jean-Gabriel Pageau is hit by Conor Sheary and loses puck.
18:49 of 3rd period - Slapshot by Corban Knight.
18:49 of 3rd period - Shot Misses the Net.
18:51 of 3rd period - Slapshot by Brandon Bollig.
18:51 of 3rd period - Shot Misses the Net.
Goals for this period are 0 for Sharks vs 1 for Canadiens.
Shots for this period are 3 for Sharks vs 3 for Canadiens.